Map: Newkirk Precinct TE (Void)

Players

Harstem - Winner!

  • Race: Protoss Protoss
  • Spawn Location: 5:00

Neuro

  • Race: Zerg Zerg
  • Spawn Location: 7:00

Event: WCS Austin 2017

VOD

Have the link to the VOD?

Description

Time

  • Played on: April 28, 2017, 2:49 p.m.
  • Length: 9:14

All games in this series

Show
View Real Time Build Order
Export as new Build Order

Harstem Protoss - Winner!

Build Orders: 1 Gate Expand, Oracle Opening 

Get SALT Encoding   

  12  0:01  Probe (Chrono Boost)  
  13  0:11  Probe (Chrono Boost)  
  14  0:18  Pylon  
  14  0:22  Probe (Chrono Boost)  
  15  0:36  Probe (Chrono Boost)  
  15  0:38  Gateway  
  16  0:47  Probe (Chrono Boost)  
  16  0:49  Assimilator  
  17  0:57  Probe (Chrono Boost)  
  18  1:08  Probe (Chrono Boost)  
  19  1:18  Probe (Chrono Boost)  
  20  1:26  Nexus  
  20  1:34  Cybernetics Core  
  20  1:38  Probe (Chrono Boost)  
  21  1:44  Assimilator  
  21  1:49  Probe (Chrono Boost)  
  22  1:55  Pylon  
  22  2:00  Probe (Chrono Boost)  
  23  2:10  Adept  
  23  2:12  Warp Gate  
  23  2:15  Probe (Chrono Boost)  
  26  2:27  Probe (Chrono Boost)  
  27  2:32  Stargate  
  27  2:33  Adept  
  27  2:38  Probe (Chrono Boost)  
  27  2:39  Probe (Chrono Boost)  
  31  2:49  Probe (Chrono Boost)  
  33  2:51  Probe (Chrono Boost)  
  33  2:59  Probe (Chrono Boost)  
  33  3:02  Probe (Chrono Boost)  
  35  3:10  Probe (Chrono Boost), Oracle  
  36  3:14  Probe (Chrono Boost)  
  36  3:19  Gateway  
  40  3:20  Probe (Chrono Boost)  
  40  3:23  Gateway  
  40  3:26  Probe (Chrono Boost)  
  42  3:28  Pylon  
  42  3:31  Probe (Chrono Boost)  
  43  3:34  Twilight Council  
  43  3:39  Probe (Chrono Boost)  
  43  3:40  Pylon  
  44  3:41  Probe (Chrono Boost)  
  44  3:45  Oracle  
  44  3:47  Assimilator  
  45  3:54  Probe (Chrono Boost)  
  50  3:56  Probe (Chrono Boost)  
  50  4:04  Resonating Glaives  
  50  4:05  Pylon  
  50  4:06  Probe x2 (Chrono Boost)  
  53  4:18  Probe (Chrono Boost)  
  53  4:19  Adept  
  55  4:26  Nexus  
  55  4:27  Probe (Chrono Boost)  
  55  4:29  Adept  
  58  4:33  Adept  
  58  4:37  Probe (Chrono Boost)  
  60  4:38  Pylon  
  60  4:41  Probe (Chrono Boost)  
  60  4:43  Adept  
  63  4:50  Probe (Chrono Boost), Pylon  
  63  4:52  Probe (Chrono Boost)  
  65  4:59  Adept x2  
  69  5:03  Adept  
  69  5:05  Mothership Core (Chrono Boost), Probe (Chrono Boost)  
  74  5:12  Phoenix  
  76  5:18  Pylon  
  76  5:19  Adept x2  
  80  5:22  Probe (Chrono Boost)  
  80  5:24  Adept  
  80  5:27  Probe (Chrono Boost)  
  84  5:29  Assimilator  
  84  5:32  Probe (Chrono Boost)  
  85  5:37  Probe (Chrono Boost)  
  85  5:40  Robotics Facility  
  85  5:41  Sentry  
  89  5:43  Probe (Chrono Boost)  
  89  5:48  Probe (Chrono Boost)  
  85  5:50  Probe (Chrono Boost)  
  85  5:53  Probe (Chrono Boost)  
  86  5:58  Probe (Chrono Boost)  
  86  6:00  Probe (Chrono Boost)  
  89  6:04  Probe (Chrono Boost)  
  89  6:09  Probe (Chrono Boost)  
  89  6:11  Probe (Chrono Boost), Sentry, Adept  
  89  6:12  Assimilator, Adept  
  89  6:14  Assimilator, Probe (Chrono Boost)  
  89  6:15  Forge  
  94  6:19  Probe (Chrono Boost)  
  94  6:21  Probe (Chrono Boost)  
  91  6:26  Probe (Chrono Boost), Immortal  
  91  6:30  Probe (Chrono Boost)  
  93  6:32  Sentry  
  93  6:33  Adept  
  93  6:34  Charge  
  96  6:44  Zealot, Gateway  
  96  6:45  Gateway  
  96  6:48  Pylon  
  96  6:50  Protoss Ground Weapons Level 1  
  96  6:52  Gateway  
  96  6:56  Adept x2  
  96  7:00  Immortal  
  100  7:03  Pylon  
  100  7:06  Probe (Chrono Boost), Pylon  
  105  7:11  Templar Archives  
  105  7:13  Gateway  
  105  7:16  Gateway  
  105  7:24  Zealot x2  
  105  7:25  Zealot  
  105  7:27  Colossus  
  110  7:31  Probe (Chrono Boost)  
  110  7:34  Immortal  
  110  7:36  Probe (Chrono Boost)  
  110  7:37  Probe (Chrono Boost)  
  110  7:43  Probe (Chrono Boost)  
  112  7:53  High Templar x4  
  112  7:54  Zealot  
  120  8:01  Archon  
  120  8:03  Archon, Photon Cannon x2  
  120  8:04  Probe (Chrono Boost)  
  121  8:07  Pylon  
  121  8:09  Warp Prism  
  121  8:12  High Templar  
  121  8:15  High Templar  
  121  8:18  Zealot x2  
  121  8:19  Archon  
  131  8:20  Nexus  
  131  8:23  Pylon  
  131  8:25  Pylon  
  131  8:27  Assimilator  
  131  8:29  Zealot x4  
  131  8:32  Assimilator  
  131  8:33  Probe (Chrono Boost)  
  131  8:34  Probe (Chrono Boost)  
  140  8:41  Probe (Chrono Boost)  
  140  8:45  Probe (Chrono Boost)  
  141  8:50  Zealot x5  
  141  8:51  Zealot  
  151  8:59  Probe (Chrono Boost)  
  151  9:01  Probe (Chrono Boost)  
  151  9:02  Probe (Chrono Boost)  
  155  9:13  Zealot  
Show
View Real Time Build Order
Export as new Build Order

Neuro Zerg 

Build Orders: Hatch First 

Get SALT Encoding   

  12  0:01  Drone  
  13  0:13  Overlord  
  13  0:18  Drone  
  14  0:31  Drone x2  
  16  0:50  Hatchery  
  16  0:52  Drone  
  16  0:56  Drone  
  17  1:00  Drone  
  18  1:10  Extractor  
  17  1:16  Spawning Pool  
  17  1:18  Drone  
  17  1:22  Drone  
  18  1:28  Drone  
  19  1:39  Drone  
  20  1:50  Hatchery  
  20  1:53  Drone  
  20  2:03  Drone x2  
  22  2:12  Queen  
  22  2:15  Drone  
  25  2:20  Overlord  
  25  2:25  Metabolic Boost  
  25  2:27  Zergling x2  
  26  2:30  Zergling x2  
  27  2:37  Overlord  
  27  2:44  Drone x2  
  27  2:48  Queen  
  31  2:53  Drone  
  31  2:56  Drone x2  
  34  3:04  Zergling x2  
  35  3:07  Overlord  
  35  3:14  Drone x2  
  35  3:19  Drone x4  
  41  3:24  Drone x2  
  43  3:29  Queen  
  43  3:30  Queen  
  43  3:32  Drone x2  
  49  3:35  Extractor  
  49  3:40  Overlord  
  48  3:42  Drone x2  
  48  3:47  Drone, Roach Warren  
  50  3:49  Drone  
  50  3:52  Spore Crawler  
  50  3:57  Drone x3, Spore Crawler  
  51  4:05  Drone x4  
  55  4:11  Drone x2  
  54  4:28  Overlord  
  54  4:29  Overlord  
  54  4:31  Zergling x12  
  60  4:38  Queen  
  60  4:39  Overlord  
  60  4:40  Overlord  
  60  4:41  Zergling x6  
  65  4:49  Lair  
  65  4:52  Evolution Chamber  
  64  4:57  Drone x5  
  64  4:58  Drone  
  66  5:02  Drone x2  
  68  5:08  Drone x4  
  72  5:21  Zergling x10  
  77  5:23  Zerg Missile Weapons Level 1  
  77  5:26  Drone x4, Extractor  
  80  5:30  Pneumatized Carapace  
  80  5:31  Drone x2  
  82  5:37  Roach x4  
  82  5:40  Queen  
  92  5:49  Zergling x6  
  85  5:53  Roach x3  
  85  5:54  Zergling x6  
  75  6:12  Zergling x16  
  75  6:17  Drone x2  
  83  6:20  Ravager  
  83  6:24  Drone x6  
  81  6:33  Drone x2  
  81  6:37  Drone x5  
  87  6:49  Drone x2  
  87  6:54  Overlord, Hatchery  
  88  7:03  Overlord  
  88  7:06  Drone x2  
  88  7:07  Hydralisk Den  
  88  7:08  Extractor  
  88  7:16  Drone x2  
  87  7:23  Drone  
  87  7:24  Drone x6  
  87  7:29  Extractor  
  88  7:39  Muscular Augments  
  80  7:54  Drone x13  
  93  8:01  Overseer x2  
  93  8:03  Overlord x7  
  93  8:12  Hydralisk  
  95  8:21  Hydralisk  
  95  8:22  Hydralisk x6  
  109  8:31  Hydralisk  
  111  8:35  Hydralisk  
  111  8:37  Zergling x8  
  115  8:42  Roach x4  
  117  8:49  Roach x3  
  117  8:54  Roach  
  117  8:55  Roach x2, Zergling x6  
  118  8:56  Zergling x2  
Tags
 
Add a new tag
Caveats
  • Supply blocks, unpowered buildings, or Contaminate may cause inaccurate times.
  • Supply counts are checked every 10 seconds.